Cogmind - Beta 11 @@@ ROGUE MODE // 2022.04.19 @ 11:15:45 Player: Mairon Result: Destroyed by BW-XIA(z) with Makeshift Axe Performance ------------- Evolutions (1) 500 Regions Visited (4) 800 Robots Destroyed (36) 180 Value Destroyed (854) 854 Prototype IDs (4) 80 Alien Tech Used (0) 0 Bonus (-15) -15 TOTAL SCORE: 2399 Bonus ------- High Alert Combat Kills 11 Friendly Fire -26 Cogmind --------- Core Integrity 0/400 Matter 225/300 Energy 85/100 System Corruption 0% Temperature Cool (0) Movement Core (300) Ox5 Location -7/Zion Parts ------- > --- POWER (1) -------- (None) > --- PROPULSION (2) --- (None) > --- UTILITY (4) ------ Medium Storage Unit Hacking Suite > --- WEAPON (2) ------- Heavy Rocket Launcher > --- INVENTORY (10) --- Heat Sink Medium Storage Unit High-powered Tractor Beam Hacking Drone Bay (1/1) Self-destruct Interrupter (50) Peak State ------------ > --- POWER ------------ Ion Engine > --- PROPULSION ------- Light Treads Light Treads > --- UTILITY ---------- Heat Sink Medium Storage Unit Experimental Sensor Array Hacking Suite > --- WEAPON ----------- Makeshift Laser Gauss Cannon > --- INVENTORY -------- Light Ion Engine Heat Sink Medium Storage Unit Light Armor Plating High-powered Tractor Beam Small Laser Light Assault Rifle Heavy Rocket Launcher Heavy Rocket Launcher Self-destruct Interrupter [Rating: 27] Favorites ----------- Power Ion Engine Engine Ion Engine Propulsion Light Treads Treads Light Treads Leg Aluminum Leg Wheel Compact Wheel Flight Unit Flight Unit Utility Medium Storage Unit Device Heat Sink Storage Medium Storage Unit Processor Advanced Visual Processing Unit Hackware Hacking Suite Protection Light Armor Plating Weapon Advanced Beam Cannon Energy Gun Beam Rifle Energy Cannon Advanced Beam Cannon Ballistic Gun Light Assault Rifle Ballistic Cannon Gauss Cannon Launcher Heavy Rocket Launcher Special Weapon Mining Laser Impact Weapon Heavy Hammer Slashing Weapon Mining Claw Build | -11 -10 -9 -9 -7 ------- Run | Scr Mat Mat Min Zio Slots Evolved 2 | . . 2 . . Power . | . . . . . Propulsion . | . . . . . Utility 2 | . . 2 . . Weapon . | . . . . . Parts Attached 67 | 6 22 28 3 8 Power 8 | 1 2 4 . 1 Engine 8 | 1 2 4 . 1 Core . | . . . . . Reactor . | . . . . . Propulsion 10 | 2 3 5 . . Treads 2 | . . 2 . . Leg 5 | 2 2 1 . . Wheel 2 | . . 2 . . Hover . | . . . . . Flight 1 | . 1 . . . Utility 19 | 1 4 8 3 3 Device 9 | . 2 2 3 2 Storage 2 | 1 1 . . . Processor 3 | . 1 2 . . Hackware 1 | . . 1 . . Protection 4 | . . 3 . 1 Artifact . | . . . . . Weapon 30 | 2 13 11 . 4 Energy Gun 9 | 2 2 4 . 1 Energy Cannon 4 | . . 4 . . Ballistic Gun 4 | . 3 1 . . Ballistic Cannon 2 | . . 1 . 1 Launcher 2 | . . . . 2 Special Weapon 7 | . 7 . . . Impact Weapon 1 | . . 1 . . Slashing Weapon 1 | . 1 . . . Piercing Weapon . | . . . . . Special Melee Weapon . | . . . . . Unidentified Prototypes 4 | . . 2 1 1 Corrupted Parts 1 | . . 1 . . System Corruption 9 | . . 9 . . Parts Lost 18 | . 3 6 . 9 Power 4 | . . 2 . 2 Propulsion 4 | . . 2 . 2 Utility 2 | . . . . 2 Weapon 8 | . 3 2 . 3 Highest Loss Streak 9 | . 3 3 . 9 To Critical Strikes . | . . . . . Average Slot Usage (%) 97 | . 98 94 100 98 Engine 11 | . 14 10 11 10 Treads 13 | . . 9 22 21 Leg 8 | . 28 5 . . Device 16 | . 10 13 21 21 Storage 11 | . 14 11 11 11 Processor 2 | . 3 7 . . Hackware 7 | . . 8 11 11 Energy Gun 10 | . 10 8 11 10 Energy Cannon 4 | . . 4 11 4 Ballistic Gun 2 | . 5 7 . . Ballistic Cannon 2 | . . . . 5 Special Weapon 2 | . 10 . . . Naked Turns . | . . . . . Heaviest Build 26 | 11 19 26 26 26 Greatest Support 40 | 20 20 40 40 40 Greatest Overweight (x) 3 | 2 3 1 . 3 Average Overweight (x) . | . . . . . Largest Inventory Capacity 10 | 8 10 10 10 10 Average Capacity 9 | 7 8 10 10 10 Most Carried 10 | . 7 6 9 10 Average Carried 6 | . 2 5 7 9 Final Capacity 10 | 8 10 10 10 10 Final Carried 8 | . 7 6 8 5 Class Distribution -------------------- 65% | Scavenger-Mutant 34% | Mutant Dominant Class ---------------- Mutant | -10/Materials Scavenger-Mutant | -9/Materials Scavenger-Mutant | -9/Mines Scavenger-Mutant | -7/Zion Resources | -11 -10 -9 -9 -7 ----------- Run | Scr Mat Mat Min Zio Matter Collected 906 | 251 164 302 91 98 Remotely 71 | . . 60 11 . Salvage Created 915 | . 202 510 86 117 Parts 68 | . 13 33 10 12 Haulers Intercepted . | . . . . . Recyclers Shooed . | . . . . . Parts Field Recycled . | . . . . . Retrieved Matter . | . . . . . Parts Self-Destructed . | . . . . . Prevented . | . . . . . Kills | -11 -10 -9 -9 -7 ------- Run | Scr Mat Mat Min Zio Combat Hostiles Destroyed 26 | . 8 12 6 . Guns 18 | . 6 7 5 . Cannons 7 | . 2 4 1 . AOE 1 | . . 1 . . Classes Destroyed 7 | . 3 3 . 1 Builder 1 | . 1 . . . Operator 1 | . . 1 . . Swarmer 10 | . 4 . 6 . Grunt 12 | . 4 8 . . Duelist 1 | . . 1 . . Sentry 3 | . . 3 . . Zionite 8 | . . . . 8 Best Kill Streak 8 | . 3 5 3 8 Combat Bots Only 5 | . 2 5 3 . Max Kills in Single Turn 4 | . 1 1 1 4 Gunslinging . | . . . . . Exploded 1 | . . 1 . . Melee . | . . . . . Uniques/NPCs Destroyed . | . . . . . Combat | -11 -10 -9 -9 -7 -------- Run | Scr Mat Mat Min Zio Damage Taken 2160 | . 559 650 104 847 Core 541 | . 120 188 30 203 Absorbed by Shields . | . . . . . Core Remaining (%) 76 | 100 52 . . . Volleys Fired 88 | . 35 32 8 13 Largest 2 | . 2 2 2 2 Hottest 200 | . 200 133 124 98 Shots Fired 139 | . 50 52 17 20 Gun 99 | . 39 41 8 11 Cannon 27 | . . 11 9 7 Launcher 2 | . . . . 2 Special 11 | . 11 . . . Kinetic 36 | . 9 20 . 7 Thermal 101 | . 41 32 17 11 Explosive 2 | . . . . 2 Electromagnetic . | . . . . . Robot Hit Streak 15 | . 8 15 11 14 Robot Miss Streak 5 | . 5 4 1 1 Penetration Max . | . . . . . Secondary Targets . | . . . . . Shots Hit Robots 91 | . 26 41 10 14 Core Hits 64 | . 14 33 6 11 Critical Kills . | . . . . . Critical Parts Destroyed 1 | . 1 . . . Critical Strikes 7 | . 3 . 2 2 Burn 5 | . 2 . 2 1 Destroy 1 | . 1 . . . Blast 1 | . . . . 1 Melee Attacks . | . . . . . Impact . | . . . . . Slashing . | . . . . . Piercing . | . . . . . Sneak Attacks . | . . . . . Combat Hostiles . | . . . . . Follow-up Attacks . | . . . . . Damage Inflicted 1998 | . 381 763 161 693 Guns 1056 | . 309 493 116 138 Cannons 366 | . . 185 42 139 Explosions 501 | . . 85 . 416 Melee . | . . . . . Ramming 3 | . . . 3 . Kinetic 353 | . 50 164 . 139 Thermal 1141 | . 331 514 158 138 Explosive 416 | . . . . 416 Electromagnetic 85 | . . 85 . . Impact . | . . . . . Slashing . | . . . . . Piercing . | . . . . . Highest Corruption 10 | . 1 10 10 10 Average Corruption 8 | . 1 9 10 10 Corruption Purged . | . . . . . Corruption Blocked . | . . . . . Effects 42 | . 6 15 17 4 Message Errors 9 | . 2 3 4 . Matter Fused 10 | . 1 3 5 1 Heat Flow Errors 5 | . . 4 1 . Energy Discharges 9 | . 2 2 4 1 Data Loss (minor) 5 | . . 2 1 2 Data Loss (major) 1 | . . . 1 . Misfires 3 | . 1 1 1 . Overload Shots . | . . . . . Overflow Damage 70 | . 4 12 . 54 Projectiles 8 | . 4 . . 4 Explosions 62 | . . 12 . 50 Melee . | . . . . . Knockbacks 2 | . . . . 2 Impact . | . . . . . Kinetic 2 | . . . . 2 Secondary . | . . . . . Self-Inflicted Damage 137 | . . 94 . 43 Shots 4 | . . 3 . 1 Rammed 3 | . . . 3 . Targets Rammed 4 | . 1 . 3 . Kicked 1 | . 1 . . . Crushed . | . . . . . Highest Temperature 348 | . 348 266 196 85 Average Temperature 99 | . 137 83 59 33 Received Heat Transfer 567 | . 180 198 . 189 Siege Activations . | . . . . . Robots Corrupted . | . . . . . Combat Hostiles . | . . . . . Parts Fried 1 | . . 1 . . Impact Corruptions . | . . . . . Robots Melted . | . . . . . Combat Hostiles . | . . . . . Parts Melted 2 | . 1 . . 1 Heat Transferred 2692 | . 1027 777 518 370 Parts Sabotaged . | . . . . . Parts Stolen . | . . . . . Parts Stripped . | . . . . . Power Chain Reactions 1 | . . 1 . . Missiles Intercepted . | . . . . . Alert | -11 -10 -9 -9 -7 ------- Run | Scr Mat Mat Min Zio Peak Influence 421 | . 262 421 216 . Initial 114 | . . 110 114 . Average 151 | . 90 259 133 . Maximum Alert Level 2 | . 1 2 1 . Low Security (%) 65 | 100 90 19 75 . Level 1 34 | . 9 79 24 . Level 2 . | . . . . . Level 3 . | . . . . . Level 4 . | . . . . . Level 5 . | . . . . . High Security . | . . . . . Max Security . | . . . . . Squads Dispatched 7 | . 2 5 . . Investigation 5 | . 2 3 . . Extermination . | . . . . . Reinforcement 2 | . . 2 . . Assault . | . . . . . Garrison . | . . . . . Intercept . | . . . . . Searches Triggered . | . . . . . Construction Impeded . | . . . . . Haulers Reinforced . | . . . . . Active Scanning Responses . | . . . . . Cargo Convoy Interrupts . | . . . . . Stealth | -11 -10 -9 -9 -7 --------- Run | Scr Mat Mat Min Zio Distress Signals 2 | . 1 1 . . Communications Jammed . | . . . . . Distress Signals . | . . . . . Times Spotted 55 | . 19 18 7 11 Peak Tracking Total 9 | . 4 6 4 9 Tactical Retreats 6 | . 4 1 1 . Traps | -11 -10 -9 -9 -7 ------- Run | Scr Mat Mat Min Zio Traps Triggered 1 | . . 1 . . Indirectly . | . . . . . Trap Hack Attempts . | . . . . . Triggered . | . . . . . Disarmed . | . . . . . Reprogrammed . | . . . . . Reused . | . . . . . Traps Extracted . | . . . . . Installed . | . . . . . Triggered . | . . . . . Machines | -11 -10 -9 -9 -7 ---------- Run | Scr Mat Mat Min Zio Machines Disabled 5 | . . 3 2 . Max in Single Turn 2 | . . 2 1 . Machines Sabotaged . | . . . . . Garrisons Compromised . | . . . . . Overloaded Fab Kills . | . . . . . Hacking | -11 -10 -9 -9 -7 --------- Run | Scr Mat Mat Min Zio Machines Accessed 8 | . 4 2 1 1 Terminals 6 | . 3 2 1 . Fabricators . | . . . . . Repair Stations . | . . . . . Recycling Units 1 | . 1 . . . Scanalyzers . | . . . . . Garrison Access . | . . . . . Total Hacks 28 | . 11 7 5 5 Successful 21 | . 8 5 3 5 Failed 7 | . 3 2 2 . Catastrophic . | . . . . . Database Lockouts . | . . . . . Manual 22 | . 8 6 6 2 Terminals 21 | . 9 7 5 . Fabricators . | . . . . . Repair Stations . | . . . . . Recycling Units 2 | . 2 . . . Scanalyzers . | . . . . . Garrison Access . | . . . . . Terminal Hacks 7 | . . 1 1 5 Part Schematic 5 | . . . . 5 Robot Analysis 1 | . . . 1 . Zone Layout 1 | . . 1 . . Fabricator Hacks . | . . . . . Repair Station Hacks . | . . . . . Recycling Unit Hacks 2 | . 2 . . . Report Inventory 1 | . 1 . . . Retrieve Components 1 | . 1 . . . Scanalyzer . | . . . . . Garrison Access Hacks . | . . . . . Unauthorized Hacks 12 | . 6 4 2 . Terminals 12 | . 6 4 2 . Track 6 | . 3 2 1 . Botnet 6 | . 3 2 1 . Fabricators . | . . . . . Repair Stations . | . . . . . Recycling Units . | . . . . . Scanalyzers . | . . . . . Garrison Access . | . . . . . Data Cores Recovered . | . . . . . Used . | . . . . . Hacking Detections 6 | . 3 2 1 . Full Trace Events 6 | . 3 2 1 . Feedback Events 1 | . 1 . . . Corruption 1 | . 1 . . . Feedback Blocked . | . . . . . Robot Schematics Acquired 3 | . . . . 3 Robots Built . | . . . . . Authchips . | . . . . . Time . | . . . . . Total Robot Build Rating . | . . . . . Part Schematics Acquired 21 | . . . . 21 Parts Built . | . . . . . Authchips . | . . . . . Time . | . . . . . Total Part Build Rating . | . . . . . Parts Repaired . | . . . . . Time . | . . . . . Parts Recycled . | . . . . . Recycled Matter . | . . . . . Retrieved Matter . | . . . . . Retrieved Components 3 | . 3 . . . Parts Scanalyzed . | . . . . . Part Schematics Acquired . | . . . . . Parts Damaged . | . . . . . Bothacking | -11 -10 -9 -9 -7 ------------ Run | Scr Mat Mat Min Zio Used RIF Installer . | . . . . . Robots Hacked . | . . . . . Non-combat . | . . . . . Combat . | . . . . . Robot Hacks Applied . | . . . . . Relay Couplers Released . | . . . . . Fabnet Peak Effective % . | . . . . . Robots Rewired . | . . . . . Allies Hacked . | . . . . . Hacks Repelled . | . . . . . Allies | -11 -10 -9 -9 -7 -------- Run | Scr Mat Mat Min Zio Total Allies . | . . . . . Largest Group . | . . . . . Highest-Rated Group . | . . . . . Highest-Rated Ally . | . . . . . Total Orders . | . . . . . Ally Attacks . | . . . . . Total Damage . | . . . . . Kills . | . . . . . Allies Corrupted . | . . . . . Allies Melted . | . . . . . Intel | -11 -10 -9 -9 -7 ------- Run | Scr Mat Mat Min Zio Robot Analysis Total 1 | . . . 1 . Derelict Logs Recovered 5 | . . . 3 2 Drone Launches . | . . . . . Drone Recoveries . | . . . . . Exploration | -11 -10 -9 -9 -7 ------------- Run | Scr Mat Mat Min Zio Turns Passed 3009 | 39 774 586 552 1058 Spaces Moved 1617 | 27 364 275 323 628 Core 13 | 9 1 . . 3 Treads 1099 | . . 151 323 625 Legs 470 | 18 363 89 . . Wheels 35 | . . 35 . . Hover . | . . . . . Flight . | . . . . . Fastest Speed 50 | 50 120 100 160 160 Average Speed 151 | 115 132 151 160 160 Slowest Speed 240 | 150 200 240 160 200 Overloaded Moves . | . . . . . Propulsion Burnouts . | . . . . . Robots Hopped . | . . . . . Cave-ins Triggered . | . . . . . Exploration Rate (%) 44 | 3 64 32 59 62 Regions Visited 4 Branch Regions 2 Pre-discovered Areas 4 | . . . 2 2 Known Exits Taken . | . . . . . Unknown Exits Taken 4 | 1 1 1 1 . Scrap Searched 5 | . . . 1 4 Spaces Dug . | . . . . . Terrain Destroyed 12 | . 7 4 . 1 Melee . | . . . . . Projectile 7 | . 7 . . . AOE 5 | . . 4 . 1 Terrain Rammed . | . . . . . Walls Destroyed . | . . . . . Machines Disabled . | . . . . . Actions | -11 -10 -9 -9 -7 --------- Run | Scr Mat Mat Min Zio Total 2010 | 32 581 393 342 662 Wait 185 | . 143 39 1 2 Move 1613 | 26 363 274 322 628 Hop . | . . . . . Pick Up 9 | . 3 1 1 4 Fast Attach 51 | 6 16 25 2 2 Attach 11 | . 1 3 1 6 Detach 7 | . 1 1 3 2 Swap 5 | . 5 . . . Drop 37 | . 13 18 1 5 Fire 88 | . 35 32 8 13 Melee . | . . . . . Ram . | . . . . . Kick 1 | . 1 . . . Crush 3 | . . . 3 . Escape Stasis . | . . . . . Rewire . | . . . . . Trap . | . . . . . Miscellaneous . | . . . . . Route ------- -11/Scrapyard -10/Materials (discovered 3 exits: *Mat / [*Min x2]) -9/Materials -9/Mines -7/Zion History --------- Turn | Location | Event 8 | -11/Scrapyard | Discovered new exit (range 15) 40 | -11/Scrapyard | Entered Materials 187 | -10/Materials | Discovered new exit (range 8) 320 | -10/Materials | Build established: Mutant 480 | -10/Materials | Discovered new exit (range 16) 633 | -10/Materials | Lost 3 parts (3w) 782 | -10/Materials | Discovered new exit (range 4) 814 | -10/Materials | Entered another Materials area 814 | -9/Materials | Evolved 2 slots: Utility x2 899 | -9/Materials | System corruption reached 10% 924 | -9/Materials | Lost 3 parts (1p1n1w) 1098 | -9/Materials | Lost 3 parts (1p1n1w) 1373 | -9/Materials | Build established: Scavenger-Mutant 1387 | -9/Materials | Discovered new exit (range 6) 1400 | -9/Materials | Entered Mines 1405 | -9/Mines | Learned Materials garrison access intel 1421 | -9/Mines | Found a damaged Exp. Sensor Array with a note attached 1425 | -9/Mines | Found Prototype Device 1425 | -9/Mines | Identified Exp. Sensor Array 1470 | -9/Mines | Received a Rocket Launcher from a helpful Derelict 1574 | -9/Mines | Learned location of Storage (-8) 1641 | -9/Mines | Learned Materials stockpile data 1660 | -9/Mines | Core integrity fell below 50% 1949 | -9/Mines | A Derelict revealed a hidden shortcut to a safe place 1952 | -9/Mines | Entered Zion 2057 | -7/Zion | System corruption cleaned by Quarantine Array 2329 | -7/Zion | Learned location of Quarantine (-3) 2373 | -7/Zion | Given A8's code to call for help 2407 | -7/Zion | Learned location of Armory (-3) 2433 | -7/Zion | Learned Factory garrison access intel 2599 | -7/Zion | Given the Hacking Drone Bay 2603 | -7/Zion | Found Prototype Device 2605 | -7/Zion | Identified Hacking Drone Bay 2962 | -7/Zion | Attacked by Zionites 3008 | -7/Zion | Core integrity fell below 20% 3010 | -7/Zion | Destroyed by BW-XIA(z) with Makeshift Axe Last Messages --------------- 02994_ BK-TWC(z) overheating. 02995_ IJ-I2S(z) overheating. 02995_ BK-TWC(z) overheating. 02996_ IJ-I2S(z) heat spikes uncontrollably. 02996_ Heat Sink destroyed. 02996_ IJ-I2S(z) overheating. 02998_ IJ-I2S(z) heat spikes uncontrollably. 02998_ IJ-I2S(z) overheating. 02999_ IJ-I2S(z) heat damages Mak. Leg. 02999_ Mak. Laser destroyed. 02999_ VG-G9U(z) destroyed. 02999_ Destroyed Mak. Leg. 02999_ IJ-I2S(z) destroyed. 02999_ R5-IGT(z) destroyed. 02999_ 5Q-AO4(z) destroyed. 03001_ Lgt. Ion Engine destroyed. 03001_ Destroyed Lgt. Ion Engine. 03001_ Hvy. Rocket Launcher destroyed. 03001_ Destroyed Hvy. Rocket Launcher. 03005_ BK-TWC(z) pulls a Mak. Axe out of the Twisted Machinery. Map ----- +----------------------------------------------------+ | ""#??????????????????????????###" "" """ | | ""##???????????????????????????##" "" """" | | """"#???????????????????????????#"" ""#" | | ""###?????????????????????#######"" """" | | ""#???????????????????????#] ## " " | | """??????????????????????## ]" """ " | | ""???????????????????????# "" | | "????????????????????????## " " " | | ?????????????????????????#]]# " | | ?????????????????????????##### | | ????????????????????????????#" " | | ???????????????????????????#"#" "" | | ???????????????????????????###"" """# | | ?????????????????????????????????#""" """""#" | | ?????????????????????????????????###"" """"#"" | | ??????????????????????????????????##"" ! """"" | | ????????????????######"???????????#""" ! " | | ??????????????""""#"#""??????????###"" ! | | ????????????#""""""""""""?????####""" | | ???????????#"""" ""#####?#"#""" | | ????????##""""" """##"####""" "" " | | ?????"""""""" """""" ""#""" " """ | | ???? "" """" "" """""" "" """ | | ???? "" ""# | | ???? " """ | | ??? @ * " """ | | ????" z % z " """" " """ | | ????" % "" """"""" " | | ??? !%g "" """"""" " | | ???? "" "" =% % " "" " | | ????????"" """" /c= = = " " " | | ????????? "#""" % """" """ " | | ?????????????#""" """" """"" """ | | ????????????"""""" """"""! """"" """ | | ????????????""#""" """""" / """"" "" | | ?????????????"""""""" """"" "" """#"" | | ???????????? """""#" | | ??????????? """" """""##""" | | ??????????"""""""""""""""#"" """"######"" """ | | ???????????""""#"""""##"###"" ""####????#"""""""" | | ?????????????######"#####?##""""##???????#"#""""#" | | ??????????????????###??????"#"""#????????####"#""# | | ??????????????????????????######????????????###### | | ?????????????????????????????????????????????????? | | ?????????????????????????????????????????????????? | | ?????????????????????????????????????????????????? | | ?????????????????????????????????????????????????? | | ?????????????????????????????????????????????????? | | ?????????????????????????????????????????????????? | | ?????????????????????????????????????????????????? | +----------------------------------------------------+ Best States ------------- Heat Dissipation 38 Energy Generation 10 Energy Capacity 250 Matter Stores 300 Matter Capacity 300 Sight Range 20 Robot Scan Range 20 Terrain Scan Density 110 Armor Coverage 150 Propulsion Shielding 33 Evasion (%) 55 Recoil Reduction 2 Offensive Hacking 10 Item Schematics ----------------- Riot Gun | -7/Zion | Free Battle Rifle | -7/Zion | Free Slug Cannon | -7/Zion | Free Enh. Flamer | -7/Zion | Free Ripper | -7/Zion | Free Imp. Focal Shield | -7/Zion | Archive Dynamic Insulation System | -7/Zion | Archive Hvy. Plasma Cannon | -7/Zion | Archive Lightning Gun | -7/Zion | Archive 0b10 Decoder Chip [Skirmisher] | -7/Zion | Archive Med. Reactive Plating | -7/Zion | Archive Lyr. Medium Armor Plating | -7/Zion | Archive Gatling Laser | -7/Zion | Archive Adv. Sensor Array | -7/Zion | Archive Remote Datajack | -7/Zion | Archive Imp. Thermal Shield | -7/Zion | Archive Power Sword | -7/Zion | Archive Gauss Rifle | -7/Zion | Archive Mak. Leg | -7/Zion | Archive Imp. Heavy Armor Plating | -7/Zion | Archive HERF Cannon | -7/Zion | Archive Robot Schematics ------------------ T-07 Excavator | -7/Zion | Archive A-02 Transporter | -7/Zion | Archive L-41 Fighter | -7/Zion | Archive Fabricated ------------ Nothing Alien Tech Used ----------------- None Achievements -------------- Quantum Hacking Robot Respite True Hacker root@ Challenges ------------ None Game ------ Seed ChainVariableShearcannon Manual? 0 Play Time 00:36:48 Cumulative 7.6 hours Start 2022.04.18 @ 22:26:33 End 2022.04.19 @ 11:15:45 Sessions 2 Manual Loads 0 Difficulty Rogue Special Mode None Game No. 8 Rogue 8 Adventurer 0 Explorer 0 Win Type - Total 0 Types 0/0/0/0/0/0/0/0/0 Lore% 28 Gallery% 16 Achievement% 16 Wizard Run 0 Options --------- ASCII 0 Keyboard 0 Movement Numpad Keybinds 0 Fullscreen 2 Font 24/Smallcaps Map View 76x50 Tactical HUD 1 Map Filters NONE Filters NONE Steam 0 RUN: c64b592c-5ba8-4be7-870b-08e7abf34c74